 Dungeon Crawl Stone Soup version 0.32-a0-540-g866d13106e (webtiles) character file.

Game seed: 1144759886894669912

13903 cforsyth the Cleaver (level 11, -7/105 HPs)
             Began as a Mountain Dwarf Necromancer on Feb 29, 2024.
             Was a Believer of Kikubaaqudgha.
             Mangled by a sun demon (8 damage)
             ... summoned by a kobold demonologist
             ... on level 11 of the Dungeon.
             The game lasted 00:42:06 (19518 turns).

cforsyth the Cleaver (Mountain Dwarf Necromancer)  Turns: 19518, Time: 00:42:07

Health: -7/105     AC: 15    Str: 14    XL:     11   Next: 81%
Magic:  13/13      EV:  9    Int: 23    God:    Kikubaaqudgha [**....]
Gold:   1067       SH:  0    Dex: 10    Spells: 7/13 levels left

rFire   + . .        a - +0 war axe (flame)
rCold   . . .        (no shield)
rNeg    . . .        v - +1 plate armour
rPois   .            (no helmet)
rElec   .            (no cloak)
rCorr   .            r - +1 pair of gloves of Divine Intervention {Fly Int+6}
SInv    .            (no boots)
Will    +....        m - amulet of regeneration Stlth
                     E - +5 ring of evasion
HPRegen 1.17/turn    F - ring of protection from fire
MPRegen 0.13/turn

%: no passive effects
@: lethally poisoned (-7 -> -18), marked, flying, studying Shapeshifting
A: runic magic, artefact enchanting, screaming 1, no potion heal 1
a: Renounce Religion, Unearth Wretches


You were on level 11 of the Dungeon.
You worshipped Kikubaaqudgha.
Kikubaaqudgha was pleased with you.
You visited 3 branches of the dungeon, and saw 13 of its levels.

You collected 1067 gold pieces.


Innate Abilities, Weirdness & Mutations

Your spellcasting is much less encumbered by armour.
You can use scrolls of enchantment on lesser artefacts.
You occasionally shout uncontrollably at your foes.
Potions are less effective at restoring your health.


   Skills:
 + Level 12.5 Fighting
 + Level 12.9 Axes
 - Level 5.0 Armour
 - Level 1.3 Dodging
 - Level 1.4 Stealth
 - Level 1.7 Spellcasting
 + Level 11.7 Necromancy


You had 7 spell levels left.
You knew the following spells:

 Your Spells              Type           Power      Damage    Failure   Level
a - Animate Dead          Necr           54%        N/A       3%          4
X - Necrotise             Necr           100%       1d9       1%          1
Y - Kiss of Death         Conj/Necr      100%       2d13      3%          1

Your spell library contained the following spells:

 Spells                   Type           Power      Damage    Failure   Level
 Sublimation of Blood     Necr           54%        N/A       1%          2
 Vampiric Draining        Necr           54%        2d9       1%          3
 Curse of Agony           Necr           54%        N/A       9%          5
 Anguish                  Hex/Necr       14%        N/A       34%         4
 Apportation              Tloc           4%         N/A       36%         1
 Jinxbite                 Hex            4%         N/A       52%         2
 Lesser Beckoning         Tloc           4%         N/A       52%         2
 Dazzling Flash           Conj/Hex       4%         N/A       75%         3
 Gell's Gravitas          Tloc           2%         N/A       75%         3
 Teleport Other           Tloc           2%         N/A       75%         3
 Volatile Blastmotes      Fire/Tloc      4%         2d10      75%         3
 Animate Armour           Summ/Erth      4%         N/A       98%         4
 Cause Fear               Hex            1%         N/A       98%         4
 Summon Lightning Spire   Summ/Air       2%         N/A       98%         4
 Alistair's Intoxication  Alch           1%         N/A       100%        5
 Fireball                 Conj/Fire      1%         3d3       100%        5
 Lee's Rapid Deconstruct  Erth           1%         3d4*      100%        5
 Starburst                Conj/Fire      1%         6d3       100%        6
 Enfeeble                 Hex            1%         N/A       100%        7
 Haunt                    Necr/Summ      14%        N/A       100%        7
 Infestation              Necr           27%        N/A       100%        8
 Maxwell's Capacitive Co  Air            1%         ∞         100%        8
 Dragon's Call            Summ           1%         N/A       100%        9

Inventory:

Hand Weapons
 a - a +0 war axe of flaming (weapon)
 o - a +0 broad axe
 z - a +1 hand axe
Missiles
 n - a throwing net {=f}
Armour
 c - a +0 chain mail
 e - an orb of wrath
 i - the +0 scale mail of Lugonu {+Inv}
   (You found it on level 2 of the Dungeon)

   +Inv:      It lets you turn invisible.
 r - the +1 pair of gloves of Divine Intervention (worn) {Fly Int+6}
   (You found it on level 10 of the Dungeon)

   Int+6:     It affects your intelligence (+6).
   Fly:       It grants you flight.
 v - a +1 plate armour (worn)
Magical Staves
 q - a staff of cold {!a}
Jewellery
 f - a ring of fire
 m - an amulet of regeneration (around neck)
 s - an amulet of reflection
 x - an amulet of guardian spirit
 C - a ring of protection from cold
 E - a +5 ring of evasion (left hand)
 F - a ring of protection from fire (right hand)
 I - a +6 ring of intelligence
Wands
 g - a wand of polymorph (5)
 h - a wand of warping (2)
Scrolls
 j - a scroll of revelation
 k - 3 scrolls of vulnerability
 p - a scroll of fear
 u - 3 scrolls of blinking
 w - a scroll of enchant weapon
 y - 2 scrolls of amnesia
 D - a scroll of butterflies
 G - a scroll of immolation
 H - a scroll of fog
Potions
 b - a potion of magic
 d - 2 potions of curing {@q1}
 l - 3 potions of cancellation
 t - a potion of heal wounds {@q2}
 A - a potion of brilliance
 B - a potion of enlightenment

Dungeon Overview and Level Annotations

Branches:
Dungeon (11/15)            Temple (1/1) D:7            Lair (1/5) D:8
    Orc: D:9-12

Altars:
Ashenzari
Cheibriados
Dithmenos
Elyvilon
Fedhas
Gozag
Hepliaklqana
Kikubaaqudgha
Makhleb
Nemelex Xobeh
Okawaru
Qazlal
Ru
Sif Muna
Trog
Uskayaw
Vehumet
Wu Jian
Xom
Yredelemnul
Zin
The Shining One

Annotations:
D:9 1 runed translucent door, Malificent's ghost, journeyman GnHu

## #.## ##### #...
#.#.###..# ##..#...#
#...5.## ##...§##
#..##.@# #..
##..###K35..... #...#
##5...... ##..## .......
##...###..##...# #.##
#.....#.........## ...
##.....#.... ....##...
#.##..####.###......##..
#####.## #.###......#...


You could see a sun demon (summoned), a kobold demonologist, 2 crimson imps and
a white imp (summoned).


Message History

You hit the sun demon but do no damage. You closely miss the crimson imp.
You feel extremely sick. The sun demon closely misses you.
The kobold demonologist barely misses you.
The crimson imp misses you.
Unknown command.
Okay, then.
Unknown command.
Your system partially rejects the healing.
You feel much better.
You feel extremely sick. The sun demon closely misses you.
The sun demon hits you.
* * * LOW HITPOINT WARNING * * *
You are engulfed in flames!
You resist.
* * * LOW HITPOINT WARNING * * *
The kobold demonologist closely misses you.
The crimson imp blinks!
Unknown command.
Unknown command.
Unknown command.
Unknown command.
You hit the kobold demonologist. You burn the kobold demonologist.
The kobold demonologist is severely wounded.
You hit the sun demon but do no damage.
You feel very sick. The sun demon hits you!!
* * * LOW HITPOINT WARNING * * *
You are engulfed in flames!
You resist.
You die...
Kikubaaqudgha rasps: You have failed me!
Welcome... death!

Skill      XL: |  1  2  3  4  5  6  7  8  9 10 11 |
---------------+----------------------------------+-----
Fighting       | 1 2 3 4 5 7 8 10 11 12 | 12.5
Necromancy     | 5 6 7 8 9 10 11 | 11.7
Axes           | 7 10 11 12 | 12.9
Armour         | 3 5 |  5.0
Dodging        | |  1.3
Stealth        | |  1.4
Spellcasting   | |  1.7

Action                     |  1- 3 |  4- 6 |  7- 9 | 10-12 || total
---------------------------+-------+-------+-------+-------++-------
  Melee: Club              |    40 |    31 |    10 |       ||    81
         Unarmed           |    11 |       |       |       ||    11
         Hand axe          |       |       |   219 |       ||   219
         War axe           |       |       |    13 |   465 ||   478
   Cast: Necrotise         |    70 |   102 |   324 |    59 ||   555
         Kiss of Death     |       |       |       |     5 ||     5
         Animate Dead      |       |       |       |     6 ||     6
  Evoke: Wand              |       |     8 |    14 |     4 ||    26
    Use: Potion            |     2 |     2 |     3 |     4 ||    11
         Scroll            |     1 |     1 |    14 |    10 ||    26
   Stab: Paralysed         |       |       |    26 |       ||    26
         Distracted        |       |       |       |     1 ||     1
 Armour: Chain mail        |    91 |   128 |   344 |       ||   563
         Skin              |       |       |    24 |     8 ||    32
         Plate armour      |       |       |    93 |   612 ||   705
  Dodge: Dodged            |    23 |    27 |   128 |   109 ||   287
  Block: Other             |       |       |     6 |       ||     6
         Reflection        |       |       |     2 |       ||     2

Levels and vault maps discovered:
D:1:      dpeg_arrival_rooms_c, layout_loops_ring, serial_bayou_crossing
D:2:      layout_basic
D:3:      layout_loops_cross, uniq_natasha
D:4:      minmay_polygon_palace, layout_rooms, mainiacjoe_overflow_two_lobes,
          uniq_grinder, uniq_duvessa
D:5:      layout_loops_ring, nicolae_hepliaklqana_ecumenical_no_more,
          dreamdust_princess_corridor, minmay_manual_mandibuliform
D:6:      cheibrodos_helix_gallery, layout_basic, kennysheep_cross_room
D:7:      layout_basic, nicolae_qazlal_style_of_elements,
          minmay_temple_entry_glassed_door, roderic_serpentine_path,
          minmay_hedge_maze, small_statue_intersection
D:8:      layout_cave_pools, zin_treasury, mainiacjoe_overflow_tiny_flanked,
          david_lair_generic, uniq_psyche
D:9:      layout_rooms, mainiacjoe_overflow_catwalk_spiral,
          ebering_ghost_inner_flame, nicolae_neqoxec_dot_bat
D:10:     nzn_winding_woodlands_medium [nzn_winding_woodlands_hourglass,
          nzn_winding_woodlands_5x15_split_checker,
          nzn_winding_woodlands_5x5_open_star, nzn_winding_woodlands_5x5_cross,
          nzn_winding_woodlands_center_lodge, nzn_winding_woodlands_5x5_default,
          nzn_winding_woodlands_5x5_perimeter,
          nzn_winding_woodlands_5x15_default,
          nzn_winding_woodlands_5x5_default], layout_basic, tso_oasis_becter,
          nicolae_sif_muna_little_library, amcnicky_altar_gilded,
          dreamdust_mushroom_princess
D:11:     layout_layer_cave, serial_shops, nicolae_shop_hallway_plus, uniq_erica
Temple:   chequers_temple_sunken
Lair:1:   layout_hall_layers, serial_bayou_pond_d, serial_bayou_shore_b

Notes
Turn   | Place    | Note
-------+----------+-------------------------------------------
     0 | D:1      | cforsyth the Mountain Dwarf Necromancer began the quest for
                  | the Orb.
     0 | D:1      | Reached XP level 1. HP: 14/14 MP: 3/3
   183 | D:1      | Reached skill level 1 in Fighting
   246 | D:1      | Reached XP level 2. HP: 23/23 MP: 1/4
   789 | D:1      | Reached skill level 2 in Fighting
   931 | D:1      | Reached skill level 5 in Necromancy
   931 | D:1      | Reached XP level 3. HP: 29/29 MP: 1/5
  1589 | D:2      | Identified the +0 scale mail of Lugonu {+Inv}
  1790 | D:1      | HP: 3/30 [gnoll/+0 club (2)]
  1935 | D:2      | Reached XP level 4. HP: 28/37 MP: 0/6
  2248 | D:2      | Reached skill level 3 in Fighting
  3275 | D:3      | Noticed Natasha
  3339 | D:3      | Killed Natasha
  3340 | D:3      | Reached XP level 5. HP: 45/45 MP: 5/7
  3343 | D:3      | Noticed Natasha
  3397 | D:3      | Killed Natasha
  3398 | D:3      | Reached skill level 6 in Necromancy
  3993 | D:3      | Noticed Natasha
  4008 | D:3      | Killed Natasha
  4009 | D:3      | Reached skill level 4 in Fighting
  4316 | D:4      | Noticed Dowan
  4337 | D:3      | Reached XP level 6. HP: 9/53 MP: 1/8
  4404 | D:4      | Noticed Duvessa
  4406 | D:4      | Gained mutation: You occasionally shout uncontrollably at
                  | your foes. [potion of mutation]
  4577 | D:4      | Noticed Grinder
  4589 | D:4      | Paralysed by Grinder for 4 turns
  4595 | D:4      | Killed Grinder
  4596 | D:4      | Reached skill level 5 in Fighting
  4596 | D:4      | Reached skill level 7 in Necromancy
  4898 | D:4      | Reached XP level 7. HP: 61/61 MP: 6/9
  4969 | D:4      | Killed Duvessa
  5056 | D:4      | Killed Dowan
  5057 | D:4      | Reached skill level 6 in Fighting
  5340 | D:4      | Reached skill level 8 in Necromancy
  5413 | D:4      | Found a bloodstained altar of Trog.
  5439 | D:4      | Found a snail-covered altar of Cheibriados.
  5915 | D:4      | Reached skill level 7 in Fighting
  5930 | D:4      | Reached XP level 8. HP: 71/73 MP: 1/10
  6112 | D:5      | Entered Level 5 of the Dungeon
  6317 | D:5      | Reached skill level 1 in Axes
  6406 | D:5      | Reached skill level 2 in Axes
  6605 | D:5      | Reached skill level 3 in Axes
  6691 | D:5      | Reached skill level 4 in Axes
  7093 | D:5      | Reached skill level 8 in Fighting
  7093 | D:5      | Reached skill level 5 in Axes
  7316 | D:5      | Reached skill level 6 in Axes
  7853 | D:4      | Identified a scroll of acquirement
  7853 | D:4      | Acquired a book of Death
  7874 | D:4      | Reached skill level 7 in Axes
  7874 | D:4      | Reached XP level 9. HP: 39/82 MP: 11/11
  8659 | D:5      | Found a faded altar of an unknown god.
  8674 | D:5      | Reached skill level 8 in Axes
  8722 | D:5      | Found a faded altar of an unknown god.
  8722 | D:5      | Found a hazy altar of Hepliaklqana.
  8854 | D:5      | Reached skill level 9 in Fighting
  9702 | D:6      | Reached skill level 9 in Axes
 10388 | D:7      | Found a staircase to the Ecumenical Temple.
 10408 | Temple   | Entered the Ecumenical Temple
 10418 | Temple   | Became a worshipper of Kikubaaqudgha
 10481 | D:7      | Learned a level 4 spell: Animate Dead
 11377 | D:7      | Found a stormy altar of Qazlal.
 12613 | D:7      | Reached skill level 9 in Necromancy
 12712 | D:8      | Found a sparkling altar of Nemelex Xobeh.
 12954 | D:8      | Reached * piety under Kikubaaqudgha
 12954 | D:8      | Received a gift from Kikubaaqudgha
 12957 | D:8      | Reached skill level 10 in Axes
 13004 | D:8      | Noticed Psyche
 13011 | D:8      | Killed Psyche
 13012 | D:8      | Reached skill level 10 in Fighting
 13012 | D:8      | Reached XP level 10. HP: 87/93 MP: 10/12
 13335 | D:8      | Noticed an elephant
 13439 | D:8      | Noticed a purple ugly thing
 13657 | D:8      | Found a glowing silver altar of Zin.
 14278 | D:8      | Found a staircase to the Lair.
 14285 | Lair:1   | Entered Level 1 of the Lair of Beasts
 14289 | Lair:1   | Noticed a black mamba
 14664 | D:9      | Found a sacrificial altar of Ru.
 14685 | D:9      | Noticed a two-headed ogre
 14690 | D:9      | Found an ornate altar of the Wu Jian Council.
 15393 | D:10     | Entered Level 10 of the Dungeon
 15396 | D:10     | Learned a level 1 spell: Kiss of Death
 15503 | D:9      | Killed a two-headed ogre
 15504 | D:9      | Reached skill level 1 in Armour
 16061 | D:10     | Found a hide-covered altar of Uskayaw.
 16073 | D:10     | Identified the +1 pair of gloves of Divine Intervention
                  | {Fly Int+6}
 16104 | D:10     | Reached skill level 11 in Axes
 16104 | D:10     | Reached skill level 2 in Armour
 16168 | D:10     | Found a shimmering blue altar of Sif Muna.
 16227 | D:10     | Found a glowing golden altar of the Shining One.
 16336 | D:10     | Reached skill level 10 in Necromancy
 16539 | D:9      | Reached skill level 11 in Fighting
 16753 | D:9      | Reached skill level 3 in Armour
 16879 | D:8      | Killed an elephant
 17481 | D:9      | Found a runed translucent door.
 17482 | D:9      | Noticed Malificent's ghost (journeyman GnHu)
 17734 | D:9      | Reached XP level 11. HP: 94/102 MP: 8/13
 17736 | D:9      | Gained mutation: Potions are less effective at restoring
                  | your health. [a neqoxec]
 17911 | D:10     | Reached skill level 4 in Armour
 18091 | D:10     | Reached ** piety under Kikubaaqudgha
 18387 | D:10     | Reached skill level 12 in Axes
 18510 | D:10     | Reached skill level 5 in Armour
 18510 | D:10     | Reached skill level 11 in Necromancy
 18524 | D:10     | Noticed a deep elf zephyrmancer
 18860 | D:10     | Noticed a deep elf pyromancer
 18865 | D:10     | Killed a deep elf pyromancer
 18866 | D:10     | Reached skill level 12 in Fighting
 19119 | D:10     | Noticed an occultist
 19133 | D:10     | Killed an occultist
 19258 | D:11     | Noticed Erica
 19277 | D:11     | Killed Erica
 19323 | D:11     | HP: 9/105 [troll (5)]
 19323 | D:11     | HP: 2/105 [troll (3)]
 19514 | D:11     | Noticed a sun demon
 19518 | D:11     | HP: 1/105 [sun demon[a kobold demonologist] (21)]
 19518 | D:11     | Mangled by a sun demon

Vanquished Creatures
  A two-headed ogre (D:9)
  Erica (D:11)
  An occultist (D:10)
  A deep elf pyromancer (D:10)
  An elephant (D:8)
  A kobold demonologist (D:11)
  An ice devil (D:9)
  Psyche (D:8)
  A red devil (D:9)
  4 trolls
  Grinder (D:4)
  A shadow (D:10)
  3 wraiths
  A wyvern (D:7)
  18 yaks
  A steam dragon (D:10)
  2 neqoxecs (D:9)
  An acid dragon (D:9)
  Duvessa (D:4)
  A water moccasin (D:9)
  2 sky beasts
  An ice beast (D:7)
  3 orc warriors
  5 black bears
  5 ogres
  3 centaurs
  A phantom (D:5)
  5 kobold brigands
  2 gnoll sergeants
  5 bullfrogs
  4 scorpions
  12 wights
  Dowan (D:4)
  11 killer bees
  2 howler monkeys
  2 bombardier beetles (D:4)
  3 jellies
  4 hounds
  3 orc priests
  A gnoll bouda (D:5)
  2 sleepcaps
  3 iguanas
  Natasha (thrice) (D:3)
  10 orc wizards
  14 gnolls
  6 adders
  2 shadow imps (D:7)
  4 white imps
  2 ufetubi (D:7)
  3 dart slugs
  2 ribbon worms (D:3)
  17 orcs
  6 ball pythons
  5 endoplasms
  5 giant cockroaches
  10 hobgoblins
  9 jackals
  5 quokkas
  A bat (D:1)
  3 frilled lizards (D:1)
  6 goblins
  27 kobolds
  6 rats
269 creatures vanquished.

Vanquished Creatures (collateral kills)
  A steam dragon (D:9)
  A chaos spawn (D:9)
  A jelly (D:8)
  An orc wizard (D:9)
  An endoplasm (D:3)
  A jackal (D:1)
  A frilled lizard (D:3)
  A rat (D:3)
8 creatures vanquished.

Vanquished Creatures (others)
  2 yak zombies (D:10)
  3 killer bee zombies (D:9)
  4 kobold zombies (D:10)
9 creatures vanquished.

Grand Total: 286 creatures vanquished

Table legend: (Time is in decaauts)
 A = Elapsed time spent in this place.
 B = Non-inter-level travel time spent in this place.
 C = Inter-level travel time spent in this place.
 D = Time resting spent in this place.
 E = Time spent auto-exploring this place.
 F = Levels seen in this place.
 G = Mean time per level.
                   A        B        C        D        E       F      G
               +--------+--------+--------+--------+--------+-----+--------+
         Total |  19693 |  18919 |    774 |   5593 |   8704 |  13 | 1514.8 |
       Dungeon |  19663 |  18899 |    764 |   5593 |   8704 |  11 | 1787.5 |
        Temple |     22 |     12 |     10 |      0 |      0 |   1 |   22.0 |
          Lair |      6 |      6 |      0 |      0 |      0 |   1 |    6.0 |
               +--------+--------+--------+--------+--------+-----+--------+

Top non-repeatable levels by time:
     D:7: 2732 daAuts
     D:3: 2352 daAuts
    D:10: 2329 daAuts
     D:4: 2237 daAuts
     D:5: 2077 daAuts
     D:9: 1937 daAuts
     D:6: 1786 daAuts
     D:1: 1493 daAuts
     D:8: 1454 daAuts
     D:2: 1075 daAuts
    D:11: 186 daAuts
  Temple: 22 daAuts
  Lair:1: 6 daAuts

Table legend:
 A = Non-vault XP
 B = Vault XP
 C = Vault XP percentage of total XP
 D = Non-vault monster count
 E = Vault monster count
 F = Vault count percentage of total count
                 A         B        C        D         E       F
            +---------+---------+-------+---------+---------+-------
      Total |   11448 |    8414 |  42.4 |     222 |      55 |  19.9
            +---------+---------+-------+---------+---------+-------
        D:1 |      65 |       0 |   0.0 |      30 |       0 |   0.0
        D:2 |      63 |       0 |   0.0 |       9 |       0 |   0.0
        D:3 |     233 |     235 |  50.2 |      32 |       2 |   5.9
        D:4 |     447 |     992 |  68.9 |      12 |      20 |  62.5
        D:5 |     851 |     671 |  44.1 |      18 |       8 |  30.8
        D:6 |     754 |       0 |   0.0 |      14 |       0 |   0.0
        D:7 |    1157 |     210 |  15.4 |      31 |       1 |   3.1
        D:8 |     761 |    1062 |  58.3 |      16 |       4 |  20.0
        D:9 |    2152 |    1201 |  35.8 |      22 |       5 |  18.5
       D:10 |    4107 |    3220 |  43.9 |      30 |      14 |  31.8
       D:11 |     858 |     823 |  49.0 |       8 |       1 |  11.1
            +---------+---------+-------+---------+---------+-------
